 Dungeon Crawl Stone Soup version 0.28-a0-1594-ga885d4b3d6 (webtiles) character file.

Game seed: 8632287180585546115

16750 wilfster70 the Thaumaturge (level 12, 0/86 HPs)
             Began as a Djinni Summoner on Jan 20, 2022.
             Was an Initiate of Gozag.
             Slain by a blink frog (13 damage)
             ... on level 2 of the Lair of Beasts.
             The game lasted 00:42:37 (19398 turns).

wilfster70 the Thaumaturge (Djinni Summoner)       Turns: 19398, Time: 00:42:38

Health: 0/86       AC:  4    Str:  7    XL:     12   Next: 74%
Gold:   827        EV: 15    Int: 23    God:    Gozag SH:  5 Dex: 13

rFire   + + +      SeeInvis .   a - +10 morningstar "Eos" {elec, Halo rElec}
rCold   x . .      Faith    .   (no shield)
rNeg    . . .      Spirit   .   f - +1 robe
rPois   ∞          Reflect  +   (no helmet)
rElec   +          Harm     .   G - +0 cloak
rCorr   .          Rampage  .   (no gloves)
Will    ++...                   (boots unavailable)
Stlth   +.........              x - amulet of reflection
HPRegen 0.24/turn               c - ring of protection from fire
MPRegen 0.00/turn               s - ring of willpower

@: gold aura, flying, glowing
A: sickness immunity, fire resistance 2, cold vulnerability 1, float, innate
caster, hp casting, extra vitality 1
a: Renounce Religion, Potion Petition, Call Merchant, Bribe Branch


You were on level 2 of the Lair of Beasts.
You worshipped Gozag.
Gozag was pleased with you.
You visited 3 branches of the dungeon, and saw 15 of its levels.
You also visited: Ossuary and Ice Cave.

You collected 2078 gold pieces.
You spent 379 gold pieces at shops.
You paid 872 gold pieces to Gozag.

Inventory:

Hand Weapons
 a - the +10 morningstar "Eos" (weapon) {elec, Halo rElec}
   (You found it on level 4 of the Dungeon)

   It occasionally discharges a powerful burst of electricity upon striking a
   foe.
   It grants its wielder a halo, increasing accuracy against those within it.
   rElec:     It insulates you from electricity.
 b - a +1 hunting sling of freezing
Missiles
 B - a throwing net
 F - 35 bolts
Armour
 f - a +1 robe (worn)
 t - a +2 buckler of protection
 G - a +0 cloak (worn)
Jewellery
 c - a ring of protection from fire (left hand)
 s - a ring of willpower (right hand)
 x - an amulet of reflection (around neck)
Wands
 k - a wand of flame (48)
 l - a wand of mindburst (32)
 m - a wand of iceblast (29)
 y - a wand of charming (9)
 C - a wand of digging (6)
Scrolls
 n - 3 scrolls of fog
 u - a scroll of blinking
 v - a scroll of magic mapping
 w - 8 scrolls of teleportation
 z - a scroll of enchant weapon
Potions
 d - 5 potions of curing
 g - 2 potions of brilliance
 h - 3 potions of mutation
 i - 3 potions of might
 j - a potion of resistance {unknown}
 o - a potion of attraction {unknown}
 p - 2 potions of lignification {unknown}
 A - 2 potions of cancellation {unknown}
 D - 3 potions of haste


   Skills:
 - Level 8.0 Fighting
 - Level 6.0 Maces & Flails
 + Level 6.1 Armour
 - Level 8.0 Dodging
 - Level 1.5 Stealth
 - Level 4.0 Shields
 - Level 10.0 Spellcasting
 - Level 6.0 Evocations


You had 3 spell levels left.
You knew the following spells:

 Your Spells              Type           Power      Damage    Failure   Level
a - Summon Small Mammal   Summ           100%       N/A       1%          1
b - Call Imp              Summ           55%        N/A       1%          2
c - Call Canine Familiar  Summ           55%        N/A       1%          3
d - Summon Guardian Gole  Hex/Summ       55%        N/A       1%          3
e - Summon Lightning Spi  Summ/Air       55%        N/A       1%          4
f - Beastly Appendage     Tmut           100%       N/A       1%          1
g - Static Discharge      Conj/Air       55%        N/A       1%          2
h - Dazzling Flash        Conj/Hex       100%       N/A       1%          3
i - Airstrike             Air            27%        N/A       1%          4
j - Irradiate             Conj/Tmut      27%        3d22      2%          5
Your spell library was empty.

Dungeon Overview and Level Annotations

Branches:
Dungeon (12/15)            Temple (1/1) D:6            Lair (2/6) D:10
    Orc (0/2) D:9         Ossuary (visited)           IceCv (visited)
  Swamp: Lair:2-4    Shoals: Lair:2-4     Snake: Lair:2-4    Spider: Lair:2-4

Altars:
Ashenzari
Cheibriados
Dithmenos
Elyvilon
Fedhas
Gozag
Makhleb
Nemelex Xobeh
Qazlal
Uskayaw
The Shining One

Shops:
D:1 ![*   D:6 [   D:7 *   D:9 [

Annotations:
D:11 3 runed translucent doors, Yorgos's ghost, journeyman DjBe


Innate Abilities, Weirdness & Mutations

You are immune to sickness and miasma.
You are immune to poison.
Your flesh is very heat resistant. (rF++)
You are vulnerable to cold. (rC-)
You float through the air rather than walking.
You learn spells naturally, not from books.
Your magical power is your life essence.
You have superior vitality. (+4 MHP)


Message History

The blink frog closely misses you. You block the cane toad's attack.
You feel much better.
The blink frog blinks!
The blink frog barely misses you.
The blink frog blinks!
Your lightning spire shoots out a bolt of lightning at the blink frog!
The bolt of electricity hits the blink frog!
The bolt of electricity hits the fungus!
The fungus begins to die.
The cane toad stings you.
You sock the cane toad!
The cane toad is almost dead.
The blink frog barely misses you. You block the cane toad's attack.
The blink frog hits you!
* * * LOW HITPOINT WARNING * * *
The blink frog blinks!
Your lightning spire shoots out a bolt of lightning at the blink frog!
The bolt of electricity hits the blink frog!!
The blink frog dies!
You sock the cane toad!
You kill the cane toad!
The blink frog blinks!
Your Armour skill increases to level 6!
Aiming: Iceblast
Press: ? - help, Shift-Dir - straight line, f - blink frog
Aim: a blink frog (ally target, haloed)
The mass of ice explodes!
The iceblast engulfs the blink frog!
The blink frog is moderately wounded.
The iceblast engulfs the plant!!
The plant begins to die.
The plant is lightly damaged.
Your lightning spire shoots out a bolt of lightning at the blink frog!
The bolt of electricity hits the blink frog!
You hit the blink frog.
The blink frog is almost dead.
A nearby fungus withers and dies.
The blink frog blinks!
The blink frog hits you!
* * * LOW HITPOINT WARNING * * *
The blink frog blinks!
The blink frog blinks!
A nearby plant withers and dies.
The blink frog hits you!
You die...
Your body crumbles into a pile of gold.

......§......... $
#...#....P....
##.P......$.... ##
#P.....F.......
####.##.......#P.+#..
...........#....P.....#
................P.....+
...##.#+.......P......
#.#..........@#...!.#
##.(....P......F.....P
##.......#.#.....##.P..
...#..................
##.#........#..#.# ..#
#..............>.. ..
#.......>..........
##..................<.(..
#.#.##......... ...|


You could see 2 blink frogs.

Vanquished Creatures
  A hydra (Lair:1)
  2 two-headed ogres (D:10)
  A death yak (D:10)
  An elephant (D:10)
  A manticore (D:11)
  3 centaur zombies
  2 cane toads (Lair:2)
  3 komodo dragons
  A rime drake (Lair:2)
  A wyvern (D:8)
  2 wraiths
  Eustachio (D:6)
  13 yaks
  3 steam dragons
  A vampire mosquito (D:5)
  2 basilisks (D:10)
  2 sky beasts
  5 water moccasins
  2 orc warriors
  A necrophage (D:6)
  3 ogres (D:7)
  5 centaurs
  A phantom (D:6)
  2 kobold brigands
  3 bullfrogs
  4 water moccasin zombies
  6 scorpions
  10 wights
  A howler monkey (D:5)
  9 electric eels
  A bullfrog zombie (D:6)
  A lava snake (D:8)
  2 hounds
  4 gnoll shamans
  An orc priest (D:5)
  A jelly (D:7)
  2 iguanas (D:5)
  5 orc wizards
  9 adders
  12 gnolls
  3 howler monkey skeletons
  2 shadow imps (D:6)
  2 adder zombies (Ossuary)
  18 orcs
  2 ball pythons (D:2)
  2 endoplasms (D:2)
  3 giant cockroaches
  A gnoll zombie (Ossuary)
  3 hobgoblins
  9 jackals
  4 quokkas
  3 bats
  2 frilled lizards
  6 goblins
  7 kobolds
  3 orc zombies (Ossuary)
  3 rats
203 creatures vanquished.

Vanquished Creatures (collateral kills)
  A centaur zombie (D:11)
  A cane toad (Lair:1)
  2 rime drakes (Lair:1)
  Grinder (D:4)
  A blink frog (Lair:2)
  5 yaks (Lair:1)
  A sky beast (D:5)
  An ice beast (D:6)
  2 black bears
  A centaur (D:10)
  An ogre (D:6)
  Blork the orc (D:4)
  A bullfrog (Lair:1)
  3 scorpions
  2 water moccasin zombies (Ossuary)
  A killer bee (D:5)
  8 wights
  2 iguanas
  An orc wizard (D:9)
  2 mummies (Ossuary)
  5 gnolls (D:7)
  An adder (D:4)
  A shadow imp (D:6)
  An adder zombie (Ossuary)
  A worm (D:3)
  6 orcs
  A ball python (D:1)
  4 endoplasms
  3 giant cockroaches
  2 gnoll zombies (Ossuary)
  6 goblins
  2 hobgoblins (D:1)
  A jackal (D:2)
  5 kobolds
  2 quokkas
  3 bats (D:1)
  2 hobgoblin zombies (Ossuary)
  3 kobold zombies (Ossuary)
  2 orc zombies (Ossuary)
  A quokka skeleton (D:4)
  A rat (D:3)
91 creatures vanquished.

Vanquished Creatures (others)
  A kobold (D:7)
  9 fungi
  33 plants
43 creatures vanquished.

Grand Total: 337 creatures vanquished

Notes
Turn   | Place    | Note
-------+----------+-------------------------------------------
     0 | D:1      | wilfster70 the Djinni Summoner began the quest for the Orb.
     0 | D:1      | Reached XP level 1. HP: 15/15 MP: 0/0
    11 | D:1      | Found Lyorur's Assorted Antiques.
   239 | D:1      | Reached XP level 2. HP: 8/21 MP: 0/0
   755 | D:1      | Found Qerphawk's Antique Armour Emporium.
   972 | D:1      | Reached XP level 3. HP: 20/25 MP: 0/0
   972 | D:1      | Learned a level 1 spell: Beastly Appendage
  1275 | D:1      | Found Tuiwk's Distillery.
  1432 | D:2      | Reached skill level 4 in Spellcasting
  2160 | D:2      | Found a faded altar of an unknown god.
  2473 | D:2      | Reached XP level 4. HP: 29/31 MP: 0/0
  4244 | D:3      | Reached XP level 5. HP: 35/35 MP: 0/0
  4244 | D:3      | Learned a level 2 spell: Static Discharge
  4586 | D:4      | Noticed Blork the orc
  4614 | D:4      | Reached skill level 5 in Spellcasting
  4887 | D:4      | Noticed a yak
  4903 | D:4      | Reached XP level 6. HP: 21/40 MP: 0/0
  5053 | D:4      | Found the +10 morningstar "Eos" {elec, Halo rElec}
  5057 | D:4      | Noticed a black bear
  5108 | D:4      | Killed a black bear
  5420 | D:4      | HP: 1/40 [yak (11)]
  5426 | D:4      | Killed a yak
  5427 | D:4      | Reached skill level 6 in Spellcasting
  5427 | D:4      | Reached XP level 7. HP: 2/45 MP: 0/0
  5427 | D:4      | Learned a level 3 spell: Dazzling Flash
  6007 | D:4      | Noticed Grinder
  6023 | D:4      | Paralysed by Grinder for 5 turns
  6030 | D:4      | Killed Grinder
  6031 | D:4      | Reached skill level 7 in Spellcasting
  6182 | D:4      | Killed Blork the orc
  6183 | D:4      | Reached XP level 8. HP: 40/50 MP: 0/0
  6273 | D:5      | Entered Level 5 of the Dungeon
  6421 | D:5      | Found a runed translucent door.
  6423 | D:5      | Found a runed translucent door.
  6480 | D:5      | HP: 2/50 [scorpion (6)]
  6723 | D:4      | Reached skill level 5 in Evocations
  7212 | D:5      | Reached skill level 1 in Maces & Flails
  7212 | D:5      | Reached XP level 9. HP: 30/55 MP: 0/0
  7212 | D:5      | Learned a level 4 spell: Airstrike
  8221 | D:6      | Found a sand-covered staircase.
  8240 | Ossuary  | Entered an ossuary
  8652 | D:6      | Reached skill level 5 in Maces & Flails
  9198 | D:6      | Found Hauf's Antique Armour Emporium.
  9375 | D:1      | Bought a pair of polished gloves for 152 gold pieces
  9375 | D:1      | Identified the -5 pair of gloves "Simoitah" {Contam rElec
                  | rCorr} (You bought it in a shop on level 1 of the Dungeon)
  9514 | D:6      | Reached skill level 1 in Fighting
  9730 | D:6      | Found a staircase to the Ecumenical Temple.
  9739 | Temple   | Entered the Ecumenical Temple
  9814 | Temple   | Became a worshipper of Gozag Ym Sagoz the Greedy
  9893 | D:6      | Reached XP level 10. HP: 54/65 MP: 0/0
 10422 | D:6      | Noticed Eustachio
 10431 | D:6      | Killed Eustachio
 10583 | D:7      | Found Isyliokhe's General Store.
 10586 | D:7      | Bought a potion of degeneration for 13 gold pieces
 10742 | D:7      | Reached skill level 5 in Fighting
 12263 | D:8      | Found a stormy altar of Qazlal.
 13670 | D:9      | Found a staircase to the Orcish Mines.
 13858 | D:9      | Reached skill level 8 in Spellcasting
 13868 | D:9      | Reached XP level 11. HP: 27/81 MP: 0/0
 13868 | D:9      | Learned a level 5 spell: Irradiate
 14351 | D:9      | You are sucked into a shaft and drop 3 floors!
 14360 | D:11     | Noticed a manticore
 14367 | D:11     | Killed a manticore
 14421 | D:11     | Reached skill level 9 in Spellcasting
 14737 | D:11     | Found a runed translucent gate.
 14737 | D:11     | Found a runed translucent gate.
 14737 | D:11     | Found a runed translucent gate.
 14738 | D:11     | Noticed Yorgos's ghost (journeyman DjBe)
 14738 | D:11     | Noticed an 11-headed hydra
 14739 | D:11     | Noticed an 11-headed hydra
 14795 | D:10     | Entered Level 10 of the Dungeon
 14810 | D:10     | Noticed a two-headed ogre
 14823 | D:10     | Killed a two-headed ogre
 14942 | D:10     | Noticed a two-headed ogre
 14947 | D:10     | Killed a two-headed ogre
 15039 | D:9      | Reached skill level 10 in Spellcasting
 15251 | D:9      | Bought a +1 buckler of protection for 214 gold pieces
 15370 | D:10     | Reached skill level 1 in Shields
 15606 | D:10     | Found a staircase to the Lair.
 15606 | D:10     | Noticed a death yak
 15606 | D:10     | Noticed an elephant
 15621 | D:10     | Killed a death yak
 15852 | D:10     | Killed an elephant
 17308 | D:10     | Reached skill level 5 in Dodging
 17308 | D:10     | Reached XP level 12. HP: 72/86 MP: 0/0
 17621 | Lair:1   | Entered Level 1 of the Lair of Beasts
 17785 | Lair:1   | Found a frozen archway.
 17803 | IceCv    | Entered an ice cave
 17953 | Lair:1   | Reached skill level 1 in Armour
 18206 | Lair:1   | Noticed an eight-headed hydra
 18224 | Lair:1   | Killed an eight-headed hydra
 18946 | Lair:2   | Reached skill level 5 in Armour
 19398 | Lair:2   | Slain by a blink frog

Illustrated notes

Levels and vault maps discovered:
D:1:      dpeg_arrival_long_road, layout_loops_cross, serial_shops,
          nicolae_shop_stone, shop_fountains, shop_coins, serial_glass,
          glass_columns_c, glass_columns_a, minmay_tall_x
D:2:      layout_loops_corners, shapermc_ecumenical_altar_gd, minivault_26,
          lemuel_flame_loot_1
D:3:      layout_basic
D:4:      minmay_clustersquares, layout_rooms, uniq_grinder, uniq_blork_the_orc
D:5:      lemuel_insect_pit, layout_basic
D:6:      layout_basic, minmay_temple_entry_antechambers, serial_shops, shop,
          nicolae_ossuary_entry_plus, nicolae_lava_and_water, uniq_eustachio
D:7:      layout_basic, nicolae_stop_n_shop_2, nrook_mini_vaults,
          chequers_serial_rivers_large_a, kennysheep_minor_cross,
          chequers_mini_garden, minmay_misc_feat_four_crosses, grunt_ogre_cave
D:8:      layout_layer_cave, mainiacjoe_overflow_alcove_2,
          kennysheep_generic_room_5
D:9:      layout_rooms, orc_0_dummy
D:10:     layout_basic, david_lair_generic, serial_bayou_lagoon_a
D:11:     layout_basic, gammafunk_ghost_hydra_chop
D:12:     layout_loops_ring, dk_noncrumbling_3, uniq_sonja
Temple:   mainiacjoe_temple_circle_huts
Lair:1:   layout_regular_city, portal_ice_cave_rime, nicolae_lair_lil_pond
Lair:2:   layout_chaotic_city, minmay_snake_entry_guardpost_medium

Skill      XL: |  1  2  3  4  5  6  7  8  9 10 11 12 |
---------------+-------------------------------------+-----
Spellcasting   | 4 5 6 7 8 10 | 10.0
Evocations     | 6 |  6.0
Maces & Flails | 1 6 |  6.0
Fighting       | 2 8 |  8.0
Shields        | 4 |  4.0
Dodging        | 5 8 |  8.0
Armour         | 6 |  6.1
Stealth        | |  1.5

Action                   |  1- 3 |  4- 6 |  7- 9 | 10-12 || total
-------------------------+-------+-------+-------+-------++-------
Melee: Unarmed           |    27 |       |       |       ||    27
       Dagger            |    31 |   111 |       |       ||   142
       Morningstar       |       |       |   104 |   259 ||   363
       Punch             |       |       |       |     5 ||     5
 Cast: Summon Small Mamm |    10 |       |       |       ||    10
       Call Imp          |     7 |       |       |       ||     7
       Call Canine Famil |     4 |    11 |     4 |     4 ||    23
       Summon Guardian G |       |     1 |       |       ||     1
       Summon Lightning  |       |     3 |    18 |    33 ||    54
       Airstrike         |       |       |     5 |    13 ||    18
       Static Discharge  |       |       |       |    11 ||    11
       Irradiate         |       |       |       |     8 ||     8
Invok: Call Merchant     |       |       |       |     1 ||     1
Evoke: Wand              |       |       |       |     1 ||     1
  Use: Scroll            |     1 |     7 |     5 |     9 ||    22
       Potion            |       |       |     2 |     3 ||     5
 Stab: Distracted        |     2 |       |     2 |       ||     4
       Sleeping          |     2 |     2 |       |       ||     4
Armor: Robe              |    21 |    26 |    10 |    42 ||    99
Dodge: Dodged            |    68 |    69 |    92 |   236 ||   465
Block: Other             |       |       |       |    27 ||    27
       Reflection        |       |       |       |     3 ||     3

Table legend: (Time is in decaauts)
 A = Elapsed time spent in this place.
 B = Non-inter-level travel time spent in this place.
 C = Inter-level travel time spent in this place.
 D = Time resting spent in this place.
 E = Time spent auto-exploring this place.
 F = Levels seen in this place.
 G = Mean time per level.
                   A        B        C        D        E       F      G
               +--------+--------+--------+--------+--------+-----+--------+
         Total |  19513 |  18773 |    740 |   7468 |   6507 |  17 | 1147.8 |
       Dungeon |  17233 |  16529 |    704 |   6501 |   5913 |  12 | 1436.1 |
        Temple |     96 |     75 |     21 |      0 |     53 |   1 |   96.0 |
          Lair |   1786 |   1771 |     15 |    749 |    541 |   2 |  893.0 |
       Ossuary |    392 |    392 |      0 |    218 |      0 |   1 |  392.0 |
      Ice Cave |      3 |      3 |      0 |      0 |      0 |   1 |    3.0 |
               +--------+--------+--------+--------+--------+-----+--------+

Top non-repeatable levels by time:
     D:4: 2140 daAuts
     D:5: 1809 daAuts
    D:10: 1775 daAuts
     D:6: 1737 daAuts
     D:9: 1648 daAuts
     D:2: 1624 daAuts
     D:1: 1622 daAuts
     D:8: 1536 daAuts
     D:7: 1484 daAuts
     D:3: 1408 daAuts
  Lair:1: 1393 daAuts
    D:11: 438 daAuts
 Ossuary: 392 daAuts
  Lair:2: 392 daAuts
  Temple: 96 daAuts
